 Dungeon Crawl Stone Soup version 0.27.0-1-g7a089689b8 (webtiles) character file.

Game seed: 13062631713548466448

462 Gargoyl the Skirmisher (level 7, -2/59 HPs)
             Began as a Gnoll Abyssal Knight on July 31, 2021.
             Was a Believer of Lugonu.
             Slain by a kobold brigand (5 damage)
             ... on level 4 of the Dungeon.
             The game lasted 00:05:04 (4371 turns).

Gargoyl the Skirmisher (Gnoll Abyssal Knight)       Turns: 4371, Time: 00:05:05

Health: -2/59      AC: 14    Str: 13    XL:     7   Next: 7%
Magic:  9/9        EV:  4    Int: 12    God:    Lugonu [**....]
Gold:   157        SH:  0    Dex: 11    Spells: 10/10 levels left

rFire    . . .     SeeInvis .   k - +2 falchion (elec)
rCold    + . .     Faith    .   (no shield)
rNeg     . . .     Spirit   .   e - +0 plate armour
rPois    .         Reflect  .   (no helmet)
rElec    .         Harm     .   i - +0 cloak
rCorr    .         Rampage  .   h - +0 pair of gloves
Will     .....                  (no boots)
Stlth    ..........             j - amulet of magic regeneration
HPRegen  0.19/turn              c - ring of flight
MPRegen  0.36/turn              (no ring)

@: lethally poisoned (-2 -> -6), flying, slowed, very slow
A: fangs 1, strong nose, distributed training, cold resistance 1, low mp 1
a: Renounce Religion, Depart the Abyss, Bend Space


You were on level 4 of the Dungeon.
You worshipped Lugonu.
Lugonu was pleased with you.
You visited 1 branch of the dungeon, and saw 4 of its levels.
You visited the Abyss 1 time.

You collected 157 gold pieces.

Inventory:

Hand Weapons
 a - a +1 hand axe
 k - a +2 falchion of electrocution (weapon)
Missiles
 d - a throwing net
Armour
 e - a +0 plate armour (worn)
 h - a +0 pair of gloves (worn)
 i - a +0 cloak (worn)
Jewellery
 c - a ring of flight (left hand)
 j - an amulet of magic regeneration (around neck)
Wands
 o - a wand of flame (16)
Scrolls
 l - 4 scrolls of identify {unknown}
 m - a scroll of teleportation
 n - a scroll of fear {unknown}
Potions
 f - a potion of brilliance {unknown}


   Skills:
 + Level 6.9 Fighting
 + Level 2.2 Short Blades
 + Level 2.2 Long Blades
 + Level 5.1 Axes
 + Level 2.2 Maces & Flails
 + Level 2.2 Polearms
 + Level 2.2 Staves
 + Level 2.2 Slings
 + Level 2.2 Bows
 + Level 2.2 Crossbows
 + Level 2.2 Throwing
 + Level 5.1 Armour
 + Level 3.4 Dodging
 + Level 2.2 Stealth
 + Level 2.2 Shields
 + Level 2.2 Unarmed Combat
 + Level 2.2 Spellcasting
 + Level 1.8 Conjurations
 + Level 1.8 Hexes
 + Level 1.8 Summonings
 + Level 1.8 Necromancy
 + Level 1.8 Translocations
 + Level 1.8 Transmutations
 + Level 1.8 Fire Magic
 + Level 1.8 Ice Magic
 + Level 1.8 Air Magic
 + Level 1.8 Earth Magic
 + Level 1.8 Poison Magic
 + Level 5.2 Invocations
 + Level 2.2 Evocations


You had 10 spell levels left.
You didn't know any spells.
Your spell library was empty.

Dungeon Overview and Level Annotations

Branches:
Dungeon (4/15)
 Temple: D:4-7

Altars:


Innate Abilities, Weirdness & Mutations

You have very sharp teeth.
Your uncanny sense of smell can sniff out nearby items.
Your experience applies equally to all skills.
Your flesh is cold resistant. (rC+)
Your magical capacity is low. (-10% MP)


Message History

* * * LOW HITPOINT WARNING * * *
Unknown command.
Okay, then.
You feel much better. The orc hits you with a +0 mace.
The gnoll hits you from afar with a +0 spear.
The kobold brigand hits you but does no damage.
The orc hits you but does no damage.
The gnoll hits you from afar with a +0 spear.
The kobold brigand hits you with a +0 dagger.
The orc hits you with a +0 mace.
Things that are here:
a +0 club; a +0 leather armour You feel yourself speed up.
The gnoll hits you but does no damage.
There is a huge open gate here.
Things that are here:
a +0 club; a gnoll corpse The kobold brigand throws a curare-tipped dart.
The curare-tipped dart hits you.
You are poisoned.
You have difficulty breathing.
You feel yourself slow down.
The orc throws a boomerang.
The boomerang barely misses you.
Things that are here:
a jackal corpse; a jackal corpse
* * * LOW HITPOINT WARNING * * *
You feel very sick.
You feel very sick. The gnoll hits you but does no damage.
You feel very sick.
The kobold brigand hits you with a +0 dagger.
* * * LOW HITPOINT WARNING * * *
The gnoll hits you from afar with a +0 spear.
* * * LOW HITPOINT WARNING * * *
It was a potion of mutation.
You feel extremely strange.
You feel less energetic.
You feel resistant to cold.
* * * LOW HITPOINT WARNING * * *
You feel sick. The orc hits you with a +0 mace.
* * * LOW HITPOINT WARNING * * *
The kobold brigand hits you with a +0 dagger.
You die...

#.# #.############## # #
∆ #..............# #...
##############.# ##.#.
#.# .... #.# # #.#.## #.#
#.##.#..########## #.#
........@........######.#
......)oK........).......
≈≈≈≈≈≈.)g.≈≈≈≈≈≈≈†≈≈≈≈≈≈≈
≈≈≈≈≈≈$.†.≈≈≈≈≈≈≈≈≈≈≈≈≈≈≈
≈≈≈≈≈≈....≈≈≈≈≈≈≈≈≈≈≈≈###
........).............#gg
######''''#############..
#..).# +# #.)..#


You could see a kobold brigand, a gnoll and an orc.

Vanquished Creatures
  A scorpion (D:4)
  A water moccasin skeleton (D:4)
  Crazy Yiuf (D:2)
  Ijyb (D:4)
  An iguana (D:4)
  An orc wizard (D:3)
  11 gnolls
  7 adders
  2 worms (D:2)
  5 orcs
  8 bats
  5 endoplasms
  4 giant cockroaches (D:1)
  4 goblins
  6 hobgoblins
  4 jackals (D:4)
  4 kobolds
  2 quokkas (D:4)
  6 ball pythons
  3 frilled lizards
  2 rats (D:1)
79 creatures vanquished.

Notes
Turn   | Place    | Note
-------+----------+-------------------------------------------
     0 | Abyss:1  | Gargoyl the Gnoll Abyssal Knight began the quest for the
                  | Orb.
     0 | Abyss:1  | Reached XP level 1. HP: 23/23 MP: 3/3
    48 | Abyss:2  | Noticed a flying skull
    48 | Abyss:2  | Noticed a flying skull
    50 | Abyss:2  | Noticed a flying skull
    52 | D:1      | Escaped the Abyss
   238 | D:1      | Reached * piety under Lugonu
   239 | D:1      | Reached XP level 2. HP: 14/29 MP: 5/5
   928 | D:1      | Reached XP level 3. HP: 35/35 MP: 6/6
   959 | D:1      | Found a faded altar of an unknown god.
  1941 | D:2      | Found a runed translucent door.
  1942 | D:2      | Noticed Crazy Yiuf
  2201 | D:2      | Reached skill level 1 in Short Blades
  2201 | D:2      | Reached skill level 1 in Long Blades
  2201 | D:2      | Reached skill level 1 in Maces & Flails
  2201 | D:2      | Reached skill level 1 in Polearms
  2201 | D:2      | Reached skill level 1 in Staves
  2201 | D:2      | Reached skill level 1 in Slings
  2201 | D:2      | Reached skill level 1 in Bows
  2201 | D:2      | Reached skill level 1 in Crossbows
  2201 | D:2      | Reached skill level 1 in Throwing
  2201 | D:2      | Reached skill level 1 in Stealth
  2201 | D:2      | Reached skill level 1 in Shields
  2201 | D:2      | Reached skill level 1 in Unarmed Combat
  2201 | D:2      | Reached skill level 1 in Spellcasting
  2201 | D:2      | Reached skill level 1 in Evocations
  2201 | D:2      | Reached XP level 4. HP: 32/41 MP: 7/7
  2536 | D:3      | Reached skill level 1 in Conjurations
  2536 | D:3      | Reached skill level 1 in Hexes
  2536 | D:3      | Reached skill level 1 in Summonings
  2536 | D:3      | Reached skill level 1 in Necromancy
  2536 | D:3      | Reached skill level 1 in Translocations
  2536 | D:3      | Reached skill level 1 in Transmutations
  2536 | D:3      | Reached skill level 1 in Fire Magic
  2536 | D:3      | Reached skill level 1 in Ice Magic
  2536 | D:3      | Reached skill level 1 in Air Magic
  2536 | D:3      | Reached skill level 1 in Earth Magic
  2536 | D:3      | Reached skill level 1 in Poison Magic
  2961 | D:2      | Killed Crazy Yiuf
  2962 | D:2      | Reached XP level 5. HP: 14/47 MP: 8/8
  3579 | D:2      | Reached ** piety under Lugonu
  3909 | D:4      | Reached skill level 5 in Invocations
  3912 | D:4      | Reached XP level 6. HP: 38/39 MP: 9/9
  3942 | D:4      | Reached skill level 5 in Axes
  3942 | D:4      | Reached skill level 5 in Armour
  4280 | D:4      | Noticed Ijyb
  4297 | D:4      | Killed Ijyb
  4298 | D:4      | Reached XP level 7. HP: 30/58 MP: 10/10
  4371 | D:4      | Gained mutation: Your magical capacity is low. (-10% MP)
                  | [potion of mutation]
  4371 | D:4      | Gained mutation: Your flesh is cold resistant. (rC+)
                  | [potion of mutation]
  4371 | D:4      | Slain by a kobold brigand

Illustrated notes

Levels and vault maps discovered:
D:1:      co_arrival_hall_of_pillars, layout_loops_corners,
          chequers_ecumenical_altar_grove, minmay_3d_cube
D:2:      layout_basic, serial_curves, eino_curves_01, eino_curves_04,
          uniq_crazy_yiuf_cottage
D:3:      layout_basic
D:4:      lemuel_castle_with_subvaults [lemuel_castle_interior_carwin_2],
          layout_loops_ring, uniq_ijyb

Skill      XL: |  1  2  3  4  5  6 |
---------------+-------------------+-----
Short Blades   | 1 2 |  2.2
Long Blades    | 1 2 |  2.2
Maces & Flails | 1 2 |  2.2
Polearms       | 1 2 |  2.2
Staves         | 1 2 |  2.2
Slings         | 1 2 |  2.2
Bows           | 1 2 |  2.2
Crossbows      | 1 2 |  2.2
Throwing       | 1 2 |  2.2
Stealth        | 1 2 |  2.2
Shields        | 1 2 |  2.2
Unarmed Combat | 1 2 |  2.2
Spellcasting   | 1 2 |  2.2
Evocations     | 1 2 |  2.2
Conjurations   | 1 |  1.8
Hexes          | 1 |  1.8
Summonings     | 1 |  1.8
Necromancy     | 1 |  1.8
Translocations | 1 |  1.8
Transmutations | 1 |  1.8
Fire Magic     | 1 |  1.8
Ice Magic      | 1 |  1.8
Air Magic      | 1 |  1.8
Earth Magic    | 1 |  1.8
Poison Magic   | 1 |  1.8
Dodging        | 3 |  3.4
Invocations    | 5 |  5.2
Axes           | 5 |  5.1
Armour         | 5 |  5.1
Fighting       | |  6.9

Action                   |  1- 3 |  4- 6 |  7- 9 || total
-------------------------+-------+-------+-------++-------
Melee: Hand axe          |   124 |    58 |       ||   182
       Bite              |     9 |     9 |     1 ||    19
       Quarterstaff      |       |    39 |       ||    39
       Falchion          |       |    64 |    12 ||    76
Invok: Depart the Abyss  |     1 |       |       ||     1
  Use: Scroll            |     4 |       |       ||     4
       Potion            |       |       |     3 ||     3
Armor: Plate armour      |   114 |   182 |    19 ||   315
Dodge: Dodged            |    21 |    35 |     4 ||    60
       Rpst.: Falchion   |       |     4 |       ||     4
